 Dungeon Crawl Stone Soup version 0.17-a0-1882-g750edc8 (webtiles) character file.

204 Townskiller the Slinger (level 6, -4/39 HPs)
             Began as a Halfling Hunter on Sept 23, 2015.
             Was a Follower of Makhleb.
             Slain by a sky beast (6 damage)
             ... on level 4 of the Dungeon.
             The game lasted 00:18:39 (2708 turns).

Townskiller the Slinger (Halfling Hunter)           Turns: 2708, Time: 00:18:39

Health: -4/39      AC:  4    Str: 12    XL:     6   Next: 9%
Magic:  6/6        EV: 15    Int: 10    God:    Makhleb [*.....]
Gold:   91         SH:  0    Dex: 22    Spells: 0 memorised, 5 levels left

rFire  . . .     SeeInvis .     a - +1 hunting sling
rCold  . . .     Clarity  .     d - +0 leather armour
rNeg   . . .     SustAt   .     (shield restricted)
rPois  .         Gourm    .     (no helmet)
rElec  .         Spirit   .     (no cloak)
rCorr  .         Warding  .     (no gloves)
rMut   .         Stasis   .     h - +0 pair of boots
MR     .....                    (no amulet)
Stlth  +++.......               (no ring)
                                (no ring)

@: agile, not resistant to hostile enchantments, fairly stealthy
A: mutation resistance 1
a: Renounce Religion


You were on level 4 of the Dungeon.
You worshipped Makhleb.
Makhleb was aware of your devotion.
You were not hungry.

You visited 1 branch of the dungeon, and saw 4 of its levels.

You collected 91 gold pieces.

Inventory:

Hand weapons
 a - a +1 hunting sling (weapon)
 c - a +0 short sword
 p - a +1 mace of holy wrath
Missiles
 i - 136 stones (quivered)
Armour
 d - a +0 leather armour (worn)
 f - a +0 leather armour
 h - a +0 pair of boots (worn)
Scrolls
 b - a scroll of identify
Comestibles
 e - 2 bread rations
 j - a chunk of flesh
 l - 4 fruits


   Skills:
 - Level 1.7 Fighting
 + Level 9.8 Slings
 - Level 2.1 Dodging
 - Level 1.1 Stealth


You had 5 spell levels left.
You didn't know any spells.

Dungeon Overview and Level Annotations

Branches:
Dungeon (4/15)
 Temple: D:4-7

Altars:
Makhleb
Vehumet


Innate Abilities, Weirdness & Mutations

You are small and have problems with some larger weapons.
You are somewhat resistant to further mutation.


Message History

Press: ? - help, Shift-Dir - straight line You shoot a stone.
A sky beast appears from thin air!
Reactivating autopickup.
The sky beast hits you.
* * * LOW HITPOINT WARNING * * *
The sky beast shocks you.
* * * LOW HITPOINT WARNING * * *
Drink which item? (? for menu, Esc to quit)
Okay, then.
Read which item? (? for menu, Esc to quit)
Okay, then.
Drink which item? (? for menu, Esc to quit)
You feel agile all of a sudden. The sky beast misses you.
There is a stone staircase leading up here.
You can't go down here!
The sky beast hits you.
* * * LOW HITPOINT WARNING * * *
The sky beast shocks you.
You die...

#### ..##### #.#...
#.#.## ♣####....##
#.......#.#
♣.@.#..#.#######
###Y#.#........#
#.♣.♣##.#.##..♣.♣..#
#.........##.......####
#
#######.####..♣.♣).....
#..########..#
#.......####
#(..(........#
#..♣.♣......
.((((?########.#
#......<#### .###.
#.######.####


You could see a sky beast.

Vanquished Creatures
  Terence (D:3)
  An iguana (D:3)
  9 adders
  An ooze (D:3)
  A worm (D:2)
  An orc (D:3)
  4 bats
  9 goblins
  9 hobgoblins
  7 jackals
  A quokka (D:2)
  4 giant cockroaches
  5 giant geckos
  5 giant newts
  6 kobolds
  6 rats
70 creatures vanquished.

Notes
Turn   | Place    | Note
--------------------------------------------------------------
     0 | D:1      | Townskiller the Halfling Hunter began the quest for the Orb.
     0 | D:1      | Reached XP level 1. HP: 14/14 MP: 1/1
    67 | D:1      | Reached skill level 6 in Slings
   185 | D:1      | Reached XP level 2. HP: 16/19 MP: 2/2
   750 | D:2      | Reached skill level 7 in Slings
   750 | D:2      | Reached XP level 3. HP: 24/24 MP: 3/3
  1188 | D:2      | Reached XP level 4. HP: 26/29 MP: 4/4
  1279 | D:2      | Reached skill level 8 in Slings
  1464 | D:2      | Found a faded altar to an unknown god.
  1491 | D:2      | Became a worshipper of Vehumet
  1491 | D:2      | Acquired Vehumet's first power
  1491 | D:2      | Offered knowledge of Flame Tongue by Vehumet.
  1553 | D:2      | Found a burning altar of Makhleb.
  1560 | D:2      | Fell from the grace of Vehumet
  1560 | D:2      | Became a worshipper of Makhleb the Destroyer
  2144 | D:3      | Acquired Makhleb's first power
  2144 | D:3      | Reached XP level 5. HP: 28/34 MP: 5/5
  2245 | D:3      | Noticed Terence
  2259 | D:3      | Killed Terence
  2259 | D:3      | Reached skill level 9 in Slings
  2440 | D:3      | Reached XP level 6. HP: 34/39 MP: 6/6
  2677 | D:4      | Noticed a sky beast
  2708 | D:4      | Slain by a sky beast

Vault maps used:
D:1:      dpeg_arrival_boxes_within_box, serial_park_tiny_1,
          hangedman_decor_push
D:2:      overflow_temple_1_default, ecumenical_altar_1,
          hangedman_decor_opposing
D:3:      uniq_terence
D:4:      serial_shops, shop_coins, serial_forest, infiniplex_forest_end_2,
          infiniplex_forest_lined_1, infiniplex_forest_straight_2,
          infiniplex_forest_lined_3, infiniplex_forest_clump_medium,
          infiniplex_forest_pool, infiniplex_forest_lined_ring, uniq_eustachio,
          uniq_menkaure

Action                   |  1- 3 |  4- 6 || total
-------------------------+-------+-------++-------
Melee: Short sword       |    18 |       ||    18
 Fire: Hunting sling     |    83 |   162 ||   245
  Use: Potion            |     3 |     3 ||     6
       Scroll            |     2 |     2 ||     4
  Eat: Chunk             |     1 |     4 ||     5
